 Dungeon Crawl Stone Soup version 0.17-a0-1197-g2d00c63 (webtiles) character file.

9 tinkerttoy the Sneak (level 2, 0/11 HPs)
             Began as a Felid Wanderer on June 3, 2015.
             Slain by a giant cockroach (1 damage)
             ... on level 1 of the Dungeon.
             The game lasted 00:01:07 (503 turns).

tinkerttoy the Sneak (Felid Wanderer)                Turns: 503, Time: 00:01:07

Health: 0/11       AC:  1    Str:  7    XL:     2   Next: 3%
Magic:  6/6        EV: 15    Int: 12    God:
Gold:   0          SH:  0    Dex: 17    Spells: 0 memorised, 5 levels left
                                        Lives:  0   Deaths: 0

rFire  . . .     SeeInvis +     (weapon unavailable)
rCold  . . .     Clarity  .     (armour unavailable)
rNeg   . . .     SustAt   .     (shield unavailable)
rPois  .         Gourm    .     (helmet unavailable)
rElec  .         Spirit   .     (cloak unavailable)
rCorr  .         Warding  .     (gloves unavailable)
rMut   .         Stasis   .     (boots unavailable)
MR     .....                    (no amulet)
Stlth  +++.......               (no ring)
                                (no ring)

@: quick, not resistant to hostile enchantments, fairly stealthy
A: no armour, no weapons or thrown items, claws 1, fangs 3, see invisible,
carnivore 3, speed 1, shaggy fur 1, slow metabolism 1, sharp paws
a: no special abilities


You were on level 1 of the Dungeon.
You were not hungry.

You visited 1 branch of the dungeon, and saw 1 of its levels.

Inventory:

Scrolls
 e - a scroll of remove curse {unknown}
Books
 a - a book of Minor Magic

   Spells                             Type                      Level
   a - Magic Dart                     Conjuration                  1
   b - Blink                          Translocation                2
   c - Call Imp                       Summoning                    2
   d - Repel Missiles                 Charms/Air                   2
   e - Slow                           Hexes                        2
   f - Conjure Flame                  Conjuration/Fire             3
   g - Mephitic Cloud                 Conjuration/Poison/Air       3
 b - Xiubax Tuga's Almanac of Translocation

   Spells                             Type                      Level
   a - Apportation                    Translocation                1
   b - Gell's Gravitas                Hexes/Translocation          3
 c - the Grimoire of Transmigration

   Spells                             Type                      Level
   a - Beastly Appendage              Transmutation                1
   b - Ignite Poison                  Fire/Transmutation/Poison    3
Comestibles
 d - a meat ration


   Skills:
 + Level 3.2 Stealth
 + Level 2.3 Spellcasting
   Level 1.7 Conjurations
   Level 2.1 Transmutations
   Level 1.7 Fire Magic


You had 5 spell levels left.
You didn't know any spells.

Dungeon Overview and Level Annotations

Branches:
Dungeon (1/15)

Altars:


Innate Abilities, Weirdness & Mutations

You cannot wear armour.
You are incapable of wielding weapons or throwing items.
You have sharp claws.
You have razor-sharp teeth.
You have supernaturally acute eyesight.
You are carnivorous and can eat meat at any time.
You cover ground quickly.
You are covered in fur (AC +1).
You have a slow metabolism.
Your sharp claws are effective at attacking unaware monsters.


Message History

You scratch the jackal.
The jackal begins to bleed from its wounds!
The jackal is moderately wounded.
The jackal closely misses you. x2
You closely miss the jackal.
The jackal is moderately wounded.
The jackal misses you.
You miss the jackal.
The jackal is moderately wounded.
The jackal bites you.
You scratch the jackal.
The jackal is almost dead.
The jackal bites you.
* * * LOW HITPOINT WARNING * * *
The jackal barely misses you.
You scratch the jackal.
You kill the jackal!
You have reached level 2!
You barely miss the giant cockroach. The giant cockroach bites you.
You die...

#.# ......# #....
#... #.....# #.#.#
#... #.....# #.#.#
#.... ..?..# #....
#....##....# #...#
#.h.....#.# #.###
#..###....# ##..#
#s#..# #..## #@#[.#
#..>#
#.#..########..##
#..............###
#......########...#
+....>.# #....
#....#.# #.#.#
##.....# #.#.#
#.##### #.... #.
#####


You could see a giant cockroach.

Vanquished Creatures
  An ooze (D:1)
  A jackal (D:1)
  A bat (D:1)
  3 rats (D:1)
6 creatures vanquished.

Notes
Turn   | Place    | Note
--------------------------------------------------------------
     0 | D:1      | tinkerttoy the Felid Wanderer began the quest for the Orb.
     0 | D:1      | tinkerttoy set off with: a book of Minor Magic, Xiubax Tuga's Almanac of Translocation, the Grimoire of Transmigration, a meat ration
     0 | D:1      | Reached XP level 1. HP: 7/7 MP: 4/4
    22 | D:1      | Reached skill level 3 in Stealth
   502 | D:1      | Reached XP level 2. HP: 1/11 MP: 6/6
   503 | D:1      | Slain by a giant cockroach

Vault maps used:
D:1:      onia_arrival_handbag, kennysheep_decorative_pillar

Action                   || total
-------------------------++-------
Melee: Unarmed           ||    26
 Stab: Sleeping          ||     2
